 Dungeon Crawl Stone Soup version 0.31-a0-1082-g7d1fb776a8 (webtiles) character file.

Game seed: 2696931806841417111

35 Flugslaktarn the Changeling (level 3, -5/23 HPs)
             Began as an Octopode Shapeshifter on Nov 28, 2023.
             Slain by a cerulean imp
             ... wielding a +2 spear
             ... summoned by Natasha
              (6 damage)
             ... on level 2 of the Dungeon.
             The game lasted 00:00:35 (1021 turns).

Flugslaktarn the Changeling (Octopode Shapeshifter) Turns: 1021, Time: 00:00:36

Health: -5/23      AC:  1    Str: 13    XL:     3   Next: 33%
Magic:  3/3        EV: 13    Int: 12    God:
Gold:   62         SH:  0    Dex: 13    Spells: 2/2 levels left

rFire   . .          .
                       - Unarmed
rCold   . . .        (no shield)
rNeg    . . .        (helmet currently unavailable)
rPois   .            (no amulet)
rElec   .            (no ring)
rCorr   .            (no ring)
SInv    .            (no ring)
Will    .....        (no ring)
Stlth   ++           (no ring)
HPRegen 0.23/turn    (no ring)
MPRegen 0.08/turn    (no ring)
                     (no ring)

%: no passive effects
@: beast-form, slowed, very slow
A: beast (slay +2), almost no armour, amphibious, 8 rings, camouflage 1,
gelatinous body 1, (nimble swimmer 1), tentacles
a: Begin Untransformation


You were on level 2 of the Dungeon.
You were a hulking beast.
You visited 1 branch of the dungeon, and saw 2 of its levels.

You collected 62 gold pieces.

Inventory:

Talismans
 b - a beast talisman
 c - a flux talisman
Scrolls
 d - 2 scrolls of silence
 f - a scroll of identify {unknown}
 h - 2 scrolls of teleportation {unknown}
 i - a scroll of amnesia {unknown}
Potions
 a - a potion of lignification
 e - a potion of curing {unknown}
 g - 3 potions of haste {unknown}


   Skills:
 - Level 1.0 Fighting
 - Level 2.0 Dodging
 - Level 3.0 Unarmed Combat
 + Level 4.1 Shapeshifting


You had 2 spell levels left.
You didn't know any spells.
Your spell library was empty.

Dungeon Overview and Level Annotations

Branches:
Dungeon (2/15)

Altars:

Shops:
D:1 *?

Annotations:
D:2 Natasha


Innate Abilities, Weirdness & Mutations

You are a hulking beast.
Your limbs bulge with bestial killing power. (Slay +2)
You cannot wear most types of armour.
You are amphibious.
You can wear up to eight rings at the same time.
Your skin changes colour to match your surroundings (Stealth+).
Your rubbery body absorbs attacks. (AC +1, EV +1)
((You are camouflaged when in or above water. (Stealth+)))
You have tentacles for arms and can constrict up to eight enemies at once.


Message History

There is an entrance to Jeagatte's Magic Scroll Shop here.
You see here a +0 dagger.
There is a stone staircase leading down here.
You climb downwards.
There is a stone staircase leading up here.
Unknown command.
Found a stone staircase leading up.
There is a stone staircase leading up here.
Found a stone staircase leading down.
A kobold comes into view. It is wielding a +0 dagger.
You closely miss the kobold. You grab the kobold. You constrict the kobold.
You tentacle-slap the kobold. You squeeze the kobold.
You kill the kobold!
No target in view!
No target in view!
You see here a +0 dagger.
An endoplasm and a jackal come into view.
Found a scroll labelled TIUJODAORGH and a fuming cyan potion.
A hobgoblin and a jackal come into view.
There is an open door here.
There are monsters nearby!
The hobgoblin shouts!
The endoplasm quivers.
The jackal barks!
There are monsters nearby!
You tentacle-slap the hobgoblin. You grab the hobgoblin.
The hobgoblin is severely wounded.
You constrict the hobgoblin.
You kill the hobgoblin!
You closely miss the jackal. Your grab misses the jackal.
You squeeze the jackal.
The jackal is almost dead.
The endoplasm freezes you.
You are frozen.
The jackal closely misses you.
You closely miss the jackal. Your grab misses the jackal.
The jackal is almost dead.
The jackal bites you but does no damage.
The jackal bites you. The endoplasm closely misses you.
You barely miss the jackal. Your grab misses the jackal.
You squeeze the jackal.
You kill the jackal!
The jackal bites you. The endoplasm freezes you.
You are frozen.
The jackal closely misses you.
You tentacle-slap the endoplasm.
The endoplasm is heavily wounded.
The jackal bites you. The endoplasm misses you.
You bludgeon the endoplasm!
You kill the endoplasm!
The jackal bites you. The jackal barely misses you.
You closely miss the jackal. You grab the jackal. You squeeze the jackal.
You kill the jackal!
HP restored.
You see here a hobgoblin corpse.
h - 2 scrolls labelled TIUJODAORGH (gained 1)
g - 3 fuming cyan potions (gained 1)
You see here a hobgoblin corpse.
There is an open door here.
You open the door.
A goblin comes into view. It is wielding a +0 dagger.
Found a scroll labelled XUS ASIEZUCH and a mace.
The goblin shouts!
There is an open door here.
A goblin is nearby!
A goblin is nearby!
A goblin is nearby!
You barely miss the goblin. Your grab misses the goblin.
You squeeze the goblin.
You kill the goblin!
No target in view!
i - a scroll labelled XUS ASIEZUCH No target in view!
There is an open door here.
Natasha, Servant of Life and Death comes into view.
Natasha is nearby!
A frilled lizard comes into view.
Natasha hisses angrily.
Natasha stares at you and mumbles some strange words.
You feel yourself slow down.
Natasha mumbles some strange words.
The frilled lizard hisses angrily.
Natasha closely misses you. Natasha misses you.
You completely miss Natasha. Your grab misses Natasha.
The cerulean imp completely misses you. The frilled lizard bites you.
Natasha claws you.
The cerulean imp hits you from afar with a +2 spear!
The frilled lizard bites you.
You tentacle-slap Natasha. Your grab misses Natasha.
Natasha is lightly wounded.
Natasha claws you!
* * * LOW HITPOINT WARNING * * *
The cerulean imp hits you from afar with a +2 spear.
* * * LOW HITPOINT WARNING * * *
The frilled lizard misses you. Natasha closely misses you.
You are too injured to fight recklessly!
You are too injured to fight recklessly!
You tentacle-slap Natasha. Your grab misses Natasha. You squeeze Natasha.
Natasha is heavily wounded.
The cerulean imp hits you from afar with a +2 spear.
You die...

##...##### ##.....##.#
#...)...#.# #
#.......#.######
#.......#...)...
##..)..##.######
##...##..######
####+#######'###........
.....5hh........#.######
......l.........##...###
................##......
####+#######'#####...###
##...###.####
##.††..#### #.......#
#.......# #.......#


You could see Natasha, a cerulean imp (summoned) and a frilled lizard.

Vanquished Creatures
  A dart slug (D:1)
  2 endoplasms
  A giant cockroach (D:1)
  5 goblins
  3 hobgoblins
  2 jackals (D:2)
  3 kobolds
  A quokka (D:1)
  4 ball pythons (D:1)
  A bat (D:1)
  2 frilled lizards (D:1)
  4 rats (D:1)
29 creatures vanquished.

Notes
Turn   | Place    | Note
-------+----------+-------------------------------------------
     0 | D:1      | Flugslaktarn the Octopode Shapeshifter began the quest for
                  | the Orb.
     0 | D:1      | Reached XP level 1. HP: 13/13 MP: 1/1
    80 | D:1      | Reached XP level 2. HP: 18/18 MP: 2/2
   196 | D:1      | Found Jeagatte's Magic Scroll Shop.
   417 | D:1      | Found Pacroiso's Assorted Antiques.
   506 | D:1      | Reached XP level 3. HP: 23/23 MP: 3/3
   509 | D:1      | Reached skill level 4 in Shapeshifting
  1014 | D:2      | Noticed Natasha
  1020 | D:2      | HP: 1/23 [cerulean imp/+2 spear[Natasha] (5)]
  1021 | D:2      | Slain by a cerulean imp

Illustrated notes

Levels and vault maps discovered:
D:1:      dpeg_arrival_shrine, layout_loops_ring, serial_shops,
          nicolae_shop_statue_plus, shop
D:2:      kennysheep_six_static_rooms, layout_loops_ring,
          dreamdust_ecumenical_altar_statues, nicolae_grassy_gnolls,
          uniq_natasha, uniq_crazy_yiuf_cottage, uniq_jessica

Skill      XL: |  1  2  3 |
---------------+----------+-----
Shapeshifting  | 4 |  4.1
Fighting       | |  1.0
Dodging        | |  2.0
Unarmed Combat | |  3.0

Action                     || total
---------------------------++-------
  Melee: Unarmed           ||    48
         Tentacles         ||    15
         Constrict         ||    12
    Use: Scroll            ||     1
   Stab: Sleeping          ||     3
 Armour: Skin              ||    24
  Dodge: Dodged            ||    24

Table legend: (Time is in decaauts)
 A = Elapsed time spent in this place.
 B = Non-inter-level travel time spent in this place.
 C = Inter-level travel time spent in this place.
 D = Time resting spent in this place.
 E = Time spent auto-exploring this place.
 F = Levels seen in this place.
 G = Mean time per level.
                   A        B        C        D        E       F      G
               +--------+--------+--------+--------+--------+-----+--------+
         Total |   1020 |    960 |     60 |     32 |    765 |   2 |  510.0 |
       Dungeon |   1020 |    960 |     60 |     32 |    765 |   2 |  510.0 |
               +--------+--------+--------+--------+--------+-----+--------+

Top non-repeatable levels by time:
     D:1: 847 daAuts
     D:2: 173 daAuts
